 Dungeon Crawl Stone Soup version bcrawl-1.13.5 (webtiles) character file.

Game seed: 8932180239949761942

110 Revguard the Ducker (level 4, -1/33 HPs)
             Began as a Demonspawn Archaeologist on Sept 5, 2019.
             Was an Initiate of Ru.
             Slain by an orc priest (4 damage)
             ... on level 3 of the Dungeon.
             The game lasted 00:06:02 (2165 turns).

Revguard the Ducker (Demonspawn Archaeologist)      Turns: 2165, Time: 00:06:02

Health: -1/33      AC:  9    Str: 11    XL:     4   Next: 61%
Magic:  4/4        EV:  9    Int: 15    God:    Ru [......]
Gold:   139        SH:  0    Dex: 11    Spells: 3/3 levels left

rFire    + . .     SeeInvis .   a - +0 whip
rCold    . . .     Gourm    .   (no shield)
rNeg     . . .     Faith    .   m - +0 scale mail
rPois    .         Spirit   .   c - +1 hat
rElec    .         Reflect  .   (no cloak)
rCorr    .         Harm     .   (no gloves)
MR       .....     Clarity  +   d - +1 pair of boots
Stlth    +.........             (no amulet)
HPRegen  0.11/turn              (no ring)
MPRegen  0.09/turn              (no ring)

@: studying Polearms
A: claws 1, clarity, clumsy 1, fire resistance 1, evolution 1, flame cloud
immunity
a: Renounce Religion


You were on level 3 of the Dungeon.
You worshipped Ru.
Ru was noncommittal.
You were not hungry.

You visited 1 branch of the dungeon, and saw 3 of its levels.

You collected 139 gold pieces.

Inventory:

Hand Weapons
 a - a +0 whip (weapon)
Armour
 b - a +1 robe
 c - a +1 hat (worn)
 d - a +1 pair of boots (worn)
 j - a +0 chain mail
 m - a +0 scale mail (worn)
Scrolls
 h - 2 scrolls of identify {unknown}
 k - 2 scrolls of teleportation {unknown}
Books
 e - a manual of Polearms
Miscellaneous
 f - an ancient crate
Comestibles
 g - 8 rations {!d}
 i - 4 chunks of flesh


   Skills:
 - Level 2.0 Fighting
 - Level 1.4 Maces & Flails
 * Level 2.0 Polearms
 - Level 0.1 Armour
 - Level 3.8 Dodging
 - Level 3.4 Stealth


You had 3 spell levels left.
You didn't know any spells.
Your spell library was empty.

Dungeon Overview and Level Annotations

Branches:
Dungeon (3/12)

Altars:
Fedhas
Ru


Innate Abilities, Weirdness & Mutations

You have sharp fingernails.
Your flesh is heat resistant. (rF+)
You are immune to clouds of flame.
You possess an exceptional clarity of mind.
You are clumsy. (Dex -2)
You evolve.


Message History

Pain shoots through your body!
* * * LOW HITPOINT WARNING * * *
You aren't carrying any potions.
You hit the orc priest.
The orc priest is moderately wounded.
You hit the orc priest.
The orc priest is heavily wounded.
The orc priest hits you but does no damage.
The orc priest barely misses you.
You hit the orc priest.
The orc priest is severely wounded.
The orc priest hits you.
* * * LOW HITPOINT WARNING * * *
You closely miss the orc priest.
The orc priest is severely wounded.
The orc priest barely misses you.
You closely miss the orc priest.
The orc priest is severely wounded.
The orc priest hits you.
You die...

..#..#.#.#.#
#..#....#.#.#
#..#...<#.#.#
#########..#....#.#.#
...........#......#.#
...........###..###.#
....................#
....####...........#####
. #.o@.......>........
#.##......##....#### #.
#......##....# #.
#...[..##....# #.
#............# oo
#......##)...#
#.............#.#
#############.#.# #..


You could see an orc priest.

Vanquished Creatures
  A hound (D:2)
  2 adders
  3 adder zombies (D:2)
  An adder skeleton (D:2)
  2 leopard geckos
  2 orcs (D:3)
  A bat skeleton (D:2)
  4 giant cockroaches
  A goblin (D:2)
  3 hobgoblins
  4 jackals
  4 kobolds (D:2)
  2 quokkas (D:2)
  5 bats
  3 frilled lizards
  2 jackal zombies (D:2)
  A leopard gecko skeleton (D:2)
  A leopard gecko zombie (D:2)
  3 rats
45 creatures vanquished.

Notes
Turn   | Place    | Note
-------+----------+-------------------------------------------
     0 | D:1      | Revguard the Demonspawn Archaeologist began the quest for
                  | the Orb.
     0 | D:1      | Reached XP level 1. HP: 15/15 MP: 1/1
   537 | D:1      | Gained mutation: Your flesh is heat resistant. (rF+)
                  | [demonic ancestry]
   537 | D:1      | Reached XP level 2. HP: 21/21 MP: 2/2
   689 | D:1      | Reached skill level 1 in Maces & Flails
   989 | D:2      | Gained mutation: You have sharp fingernails. [demonic
                  | ancestry]
   989 | D:2      | Reached XP level 3. HP: 12/26 MP: 3/3
  1135 | D:2      | Found a blossoming altar of Fedhas.
  1463 | D:2      | Gained mutation: You are immune to clouds of flame.
                  | [demonic ancestry]
  1463 | D:2      | Reached XP level 4. HP: 30/32 MP: 4/4
  1493 | D:2      | Found a sacrificial altar of Ru.
  1502 | D:2      | Became a worshipper of Ru the Awakened
  1698 | D:2      | Reached skill level 1 in Polearms
  2134 | D:3      | Gained mutation: You are clumsy. (Dex -2) [potion of
                  | mutation]
  2134 | D:3      | Gained mutation: You evolve. [potion of mutation]
  2134 | D:3      | Gained mutation: You possess an exceptional clarity of
                  | mind. [potion of mutation]
  2165 | D:3      | Slain by an orc priest

Skill      XL: |  1  2  3  4 |
---------------+-------------+-----
Dodging        | 3 |  3.8
Maces & Flails | 1 |  1.4
Polearms       | 2 |  2.0
Fighting       | 2 |  2.0
Armour         | |  0.1
Stealth        | |  3.4

Action                   |  1- 3 |  4- 6 || total
-------------------------+-------+-------++-------
Melee: Whip              |   149 |   114 ||   263
  Use: Scroll            |     2 |       ||     2
       Potion            |     5 |     2 ||     7
 Stab: Sleeping          |     3 |       ||     3
  Eat: Chunk             |     2 |     2 ||     4
Armor: Robe              |    64 |       ||    64
       Scale mail        |    28 |    92 ||   120
Dodge: Dodged            |   181 |    97 ||   278
